 Dungeon Crawl Stone Soup version 0.21-a0-95-g06f091e (webtiles) character file.

97 sagitran the Gusty (level 4, 0/25 HPs)
             Began as a Tengu Air Elementalist on July 3, 2017.
             Slain by a sky beast (6 damage)
             ... on level 4 of the Dungeon on July 4, 2017.
             The game lasted 00:24:42 (3206 turns).

sagitran the Gusty (Tengu Air Elementalist)         Turns: 3206, Time: 00:24:43

Health: 0/25       AC:  3    Str:  8    XL:     4   Next: 68%
Magic:  1/8        EV: 13    Int: 16    God:
Gold:   144        SH:  0    Dex: 15    Spells: 2/7 levels left

rFire    . . .     SeeInvis .   t - +0 hand axe (freeze)
rCold    . . .     Gourm    +   (no shield)
rNeg     . . .     Faith    .   a - +0 robe
rPois    .         Spirit   .   (helmet restricted)
rElec    .         Reflect  .   (no cloak)
rCorr    .         Harm     .   r - +0 pair of gloves
MR       .....                  (boots unavailable)
Stlth    ++........             q - amulet of the gourmand
HPRegen  0.08/turn              (no ring)
MPRegen  0.11/turn              (no ring)

@: very slightly contaminated, invisible
A: beak, talons 3
a: no special abilities


You were on level 4 of the Dungeon.
You were not hungry.

You visited 1 branch of the dungeon, and saw 5 of its levels.

You collected 144 gold pieces.

Inventory:

Hand Weapons
 n - a +2 dagger of venom
 t - a +0 hand axe of freezing (weapon)
Armour
 a - a +0 robe (worn)
 i - a +0 leather armour of poison resistance
 r - a +0 pair of gloves (worn)
 w - a +2 shield
Jewellery
 q - an amulet of the gourmand (around neck)
Wands
 c - a wand of acid (11/15)
Scrolls
 d - a scroll of identify
 f - a scroll of fog
 j - 3 scrolls of remove curse
 x - a scroll of teleportation {unknown}
Potions
 e - a potion of brilliance {unknown}
 g - a potion of lignification {unknown}
 k - a potion of cancellation {unknown}
 l - 2 potions of curing
 m - a potion of flight {unknown}
Books
 b - a book of Air

   Spells                             Type                      Level
   a - Shock                          Conjuration/Air              1
   b - Swiftness                      Charms/Air                   2
   c - Static Discharge               Conjuration/Air              3
   d - Airstrike                      Air                          4
   e - Lightning Bolt                 Conjuration/Air              5
 v - a book of Minor Magic

   Spells                             Type                      Level
   a - Magic Dart                     Conjuration                  1
   b - Blink                          Translocation                2
   c - Call Imp                       Summoning                    2
   d - Slow                           Hexes                        2
   e - Conjure Flame                  Conjuration/Fire             3
   f - Mephitic Cloud                 Conjuration/Poison/Air       3
Comestibles
 h - 4 fruits
 o - a meat ration
 p - 5 bread rations
 u - a royal jelly


   Skills:
 + Level 1.0 Fighting
 + Level 0.7 Short Blades
 + Level 0.9 Axes
 + Level 3.1 Dodging
 + Level 2.2 Stealth
 + Level 0.2 Unarmed Combat
 + Level 2.2 Spellcasting
 + Level 2.0 Conjurations
 + Level 5.0 Air Magic


You had 2 spell levels left.
You knew the following spells:

 Your Spells              Type           Power        Failure   Level  Hunger
a - Shock                 Conj/Air       ##..         4%          1    #......
b - Airstrike             Air            ###.......   24%         4    #####..


Dungeon Overview and Level Annotations

Branches:
Dungeon (5/15)
 Temple: D:4-7

Altars:
Dithmenos
Elyvilon
Trog
Yredelemnul


Innate Abilities, Weirdness & Mutations

You have a beak for a mouth.
You have claws for feet.


Message History

The sky beast barely misses you.
You closely miss the sky beast. Your kick misses the sky beast.
Your peck misses the sky beast.
The sky beast is severely wounded.
The sky beast barely misses you.
The sky beast flickers out of sight!
Deactivating autopickup; reactivate with Ctrl-A.
Something hits you but does no damage.
You barely miss something. You claw something. Your peck misses something.
A sky beast appears from thin air!
Reactivating autopickup.
The sky beast hits you. The sky beast shocks you.
* * * LOW HITPOINT WARNING * * *
There is a stone staircase leading down here.
You hit the sky beast but do no damage. You claw the sky beast.
The sky beast is almost dead.
The sky beast barely misses you.
You feel better. The sky beast hits you.
* * * LOW HITPOINT WARNING * * *
The sky beast shocks you.
You die...

...##.# ...#.# ..#.# ##
#.#.# #... ...# #...
#..# #...# #####..###
#...### #.....@..######
#...... #.....Y...#...#
#...... #.........#...#
#......
#.........#...###......
###............##......
#....)..#....##......
#.......#..†.##...###
#########....####.#
#....# #.#


You could see a sky beast.

Vanquished Creatures
  3 adders
  A worm (D:2)
  A dart slug (D:3)
  2 leopard geckos
  2 orcs (D:3)
  2 ball pythons
  4 giant cockroaches
  4 goblins
  7 hobgoblins
  6 jackals
  3 kobolds
  5 quokkas
  5 bats
  2 frilled lizards
  9 rats
  5 plants (D:2)
61 creatures vanquished.

Vanquished Creatures (others)
  A quokka (D:2)
  2 bats (D:2)
3 creatures vanquished.

Grand Total: 64 creatures vanquished

Notes
Turn   | Place    | Note
-------+----------+-------------------------------------------
     0 | D:1      | sagitran the Tengu Air Elementalist began the quest for the Orb.
     0 | D:1      | Reached XP level 1. HP: 10/10 MP: 4/4
   196 | D:1      | Reached XP level 2. HP: 15/15 MP: 1/6
   846 | D:1      | Reached XP level 3. HP: 17/19 MP: 7/7
  1138 | D:2      | Found a white marble altar of Elyvilon.
  1213 | D:2      | Reached skill level 5 in Air Magic
  1394 | D:2      | Found a shadowy altar of Dithmenos.
  1866 | D:2      | Reached XP level 4. HP: 24/24 MP: 6/8
  1922 | D:2      | Learned a level 4 spell: Airstrike
  2252 | D:3      | Found a basalt altar of Yredelemnul.
  2314 | D:3      | Upgraded the game from 0.21-a0-94-gdd6ab6a to 0.21-a0-95-g06f091e
  2696 | D:3      | Found a bloodstained altar of Trog.
  2776 | D:3      | Reached skill level 1 in Fighting
  3184 | D:5      | Entered Level 5 of the Dungeon
  3184 | D:5      | Noticed a sky beast
  3206 | D:4      | Slain by a sky beast

Vault maps used:
D:1:      dpeg_arrival_shelter, minmay_stone_trees_small,
          minmay_misc_feat_four_crosses
D:2:      wad_woods_stonehenge, elyvilon_altar_4
D:3:      lemuel_coloured_pillars_altar, nicolae_overflow_hidden_temple,
          first_bread
D:4:      kennysheep_mini, serial_shops, shop, minmay_box_of_dots
D:5:      minmay_diamond_boxcup, nicolae_overflow_crystal_walls,
          lightli_temple_of_fire, temple_pool_b

Skill      XL: |  1  2  3  4 |
---------------+-------------+-----
Air Magic      | 5 |  5.0
Conjurations   | 2 |  2.0
Dodging        | 3 |  3.1
Fighting       | 1 |  1.0
Short Blades   | |  0.7
Axes           | |  0.9
Stealth        | |  2.2
Unarmed Combat | |  0.2
Spellcasting   | |  2.2

Action                   |  1- 3 |  4- 6 || total
-------------------------+-------+-------++-------
Melee: Dagger            |   149 |    23 ||   172
       Kick              |    51 |     8 ||    59
       Unarmed           |     3 |       ||     3
       Hand axe          |    11 |    13 ||    24
       Peck              |    35 |     2 ||    37
 Cast: Shock             |    22 |     4 ||    26
       Airstrike         |       |     3 ||     3
Evoke: Wand              |     1 |       ||     1
  Use: Scroll            |     5 |       ||     5
       Potion            |       |     5 ||     5
 Stab: Sleeping          |     1 |     2 ||     3
  Eat: Chunk             |     2 |     6 ||     8
       Bread ration      |     1 |       ||     1
Armor: Robe              |    10 |     8 ||    18
Dodge: Dodged            |    53 |    36 ||    89
Block: Shield            |       |     3 ||     3
